 Dungeon Crawl Stone Soup version 0.17-a0-1900-g45e8110 (webtiles) character file.

213199 shakdrar the Severer (level 18, -2/161 HPs)
             Began as a Minotaur Fighter on Sept 23, 2015.
             Was the Champion of Ashenzari.
             Shot with an arrow by a naga sharpshooter (5 damage)
             ... on level 4 of the Snake Pit on Sept 24, 2015.
             The game lasted 04:28:32 (50159 turns).

shakdrar the Severer (Minotaur Fighter)            Turns: 50159, Time: 04:28:32

Health: -2/161     AC: 33    Str: 27    XL:     18   Next: 64%
Magic:  24/24      EV:  8    Int:  5    God:    Ashenzari [******]
Gold:   2050       SH: 23    Dex: 10    Spells: 0 memorised, 17 levels left

rFire  + + .     SeeInvis +     x - +5 morningstar (drain)
rCold  . . .     Clarity  +     T - +1 plate armour {rF+} (curse)
rNeg   . . .     SustAt   .     R - +0 large shield
rPois  +         Gourm    .     L - +2 hat {SInv} (curse)
rElec  .         Spirit   .     r - +1 cloak {rPois} (curse)
rCorr  .         Warding  .     g - +1 pair of gloves (curse)
rMut   .         Stasis   .     X - +1 pair of boots {Stlth+} (curse)
MR     ++...                    k - amulet of rage
Stlth  ..........               i - ring of protection from fire
                                E - ring of protection from magic (curse)

@: lethally poisoned (-2 -> -5), exhausted, about to teleport, slowed, very
slow, very resistant to hostile enchantments, extremely unstealthy
A: retaliatory headbutt, horns 2, dopey 1, screaming 1, slow healing 1, spit
poison 1
a: Spit Poison, Scrying, Transfer Knowledge, Renounce Religion, Evoke Berserk
Rage


You were on level 4 of the Snake Pit.
You worshipped Ashenzari.
Ashenzari was exalted by your worship.
You were not hungry.

You visited 7 branches of the dungeon, and saw 38 of its levels.
You also visited: Sewer.

You collected 4093 gold pieces.
You spent 2043 gold pieces at shops.

Inventory:

Hand weapons
 h - a +3 whip of venom
 x - a +5 morningstar of draining (weapon)
 F - a +4 morningstar of holy wrath
 N - a +1 battleaxe of electrocution
Missiles
 B - 7 curare-tipped needles
Armour
 g - a cursed +1 pair of gloves (worn)
 r - a cursed +1 cloak of poison resistance (worn)
 L - a cursed +2 hat of see invisible (worn)
 R - a +0 large shield (worn)
 T - a cursed +1 plate armour of fire resistance (worn)
 X - a cursed +1 pair of boots of stealth (worn)
Jewellery
 a - an uncursed ring of flight
 i - a ring of protection from fire (right hand)
 k - an amulet of rage (around neck)
 E - a cursed ring of protection from magic (left hand)
 P - an uncursed ring of ice
Magical devices
 y - a wand of teleportation (8)
 z - a wand of draining (0)
 A - a wand of digging (11)
 J - a wand of polymorph (7)
 Q - a wand of fireball (3)
 U - a wand of cold (5)
Scrolls
 c - 3 scrolls of blinking
 e - a scroll of summoning
 s - 3 scrolls of teleportation
 u - 2 scrolls of recharging
 w - a scroll of brand weapon
 D - 4 scrolls of identify
 G - a scroll of magic mapping
 K - a scroll of amnesia
 O - 2 scrolls of remove curse
 W - 2 scrolls of fear
Potions
 b - 2 potions of haste
 d - 2 potions of invisibility
 f - a potion of might
 l - 5 potions of curing
 m - a potion of ambrosia
 n - 2 potions of flight
 v - 5 potions of resistance
 H - 2 potions of cure mutation
Books
 q - a book of Annihilations

   Spells                             Type                      Level
   a - Poison Arrow                   Conjuration/Poison           6
   b - Chain Lightning                Conjuration/Air              8
   c - Lehudib's Crystal Spear        Conjuration/Earth            8
   d - Glaciate                       Conjuration/Ice              9
   e - Fire Storm                     Conjuration/Fire             9
 C - a book of Clouds

   Spells                             Type                      Level
   a - Mephitic Cloud                 Conjuration/Poison/Air       3
   b - Conjure Flame                  Conjuration/Fire             3
   c - Poisonous Cloud                Conjuration/Poison/Air       6
   d - Freezing Cloud                 Conjuration/Ice/Air          6
   e - Ring of Flames                 Charms/Fire                  7
 S - a book of Ice

   Spells                             Type                      Level
   a - Ice Form                       Ice/Transmutation            4
   b - Metabolic Englaciation         Hexes/Ice                    5
   c - Ozocubu's Refrigeration        Ice                          6
   d - Bolt of Cold                   Conjuration/Ice              6
   e - Freezing Cloud                 Conjuration/Ice/Air          6
   f - Simulacrum                     Ice/Necromancy               6
Comestibles
 j - 3 beef jerkies
 o - 2 slices of pizza
 t - 6 meat rations
 I - a royal jelly
 M - 4 chunks of flesh


   Skills:
 - Level 14.4 Fighting
 - Level 20.5(20.8) Axes
 - Level 7.0(15.2) Maces & Flails
 + Level 19.6(24.3) Armour
 + Level 19.1 Shields
 - Level 9.6 Evocations


You had 17 spell levels left.
You didn't know any spells.

Dungeon Overview and Level Annotations

Branches:
Dungeon (15/15)            Temple (1/1) D:7            Lair (8/8) D:11
  Swamp (3/4) Lair:4        Snake (4/4) Lair:5        Slime (0/6) Lair:6
    Orc (4/4) D:12            Elf (3/3) Orc:4        Vaults (0/5) D:13
 Depths (0/5) D:15

Altars:
Ashenzari
Cheibriados
Dithmenos
Elyvilon
Fedhas
Gozag
Kikubaaqudgha
Makhleb
Nemelex Xobeh
Okawaru
Qazlal
Ru
Sif Muna
Trog
Vehumet
Xom
Yredelemnul
Zin
The Shining One
Beogh

Shops:
D:4 (   D:13 !   Orc:1 %[   Orc:2 ?   Orc:4 ([=*   Elf:1 (   Elf:2 !

Annotations:
D:13 exclusions: ice statue and orange crystal statue
Swamp:3 exclusion: 2 oklob plants
Elf:2 2 runed doors


Innate Abilities, Weirdness & Mutations

You reflexively headbutt those who attack you in melee.
You have a pair of horns on your head.
You are dopey. (Int -2)
You occasionally shout uncontrollably at your foes.
You heal slowly when monsters are visible.
You can spit weak poison.


Message History

You see here 2 arrows.
You see here a cursed amulet of regeneration.
Drink which item? (? for menu, Esc to quit)
Okay, then.
Evoke which item? (* to show all) (? for menu, Esc to quit)
Zapping:
y - a wand of teleportation (9)
Press: ? - help, Shift-Dir - straight line, f - you You feel strangely unstable.
This wand has 8 charges left.
The naga sharpshooter mumbles some strange words.
The naga sharpshooter magically shoots an arrow.
The arrow hits you!
* * * LOW HITPOINT WARNING * * *
The naga spits poison at you. The splash of poison hits you!
You are lethally poisoned!
You resist.
The naga sharpshooter gestures wildly while chanting.
The naga sharpshooter magically shoots an arrow.
The arrow hits you.
You die...

###### #.[..## ######
......####....#### #########
.............))).###.......#
.............))..N()N.)....#
................@###..(....#
...).............# ####)####
......#####.###### #.))#
#.}..## #.# ###.#N# ######
### #....## # #....# #
*#....# # #......# #
#.NN...#


You could see a naga sharpshooter and a naga.

Vanquished Creatures
  Asterion (Elf:2)
  A deep elf blademaster (Elf:2)
  3 thorn hunters (Swamp:3)
  Gastronok (Lair:1)
  3 greater nagas (Snake:3)
  Kirke (Swamp:1)
  Maud (D:12)
  Aizul (Swamp:3)
  The ghost of Goblin1989 the Grappler, a powerful VSMo of Ashenzari (Orc:4)
  Azrael (Orc:4)
  A dire elephant (D:15)
  A deep elf annihilator (Elf:3)
  2 deep elf demonologists (Elf:3)
  A deep elf death mage (Elf:3)
  Snorg (Lair:7)
  An ettin (Orc:4)
  2 vault guards (D:13)
  A fire dragon (Lair:8)
  Fannar (D:12)
  10 naga warriors
  15 hydras
  Erolcha (D:10)
  8 alligators
  A deep troll shaman (Lair:8)
  4 centaur warriors
  9 death yaks
  2 catoblepae
  17 dancing weapons (Elf:2)
  7 anacondas
  3 tengu warriors
  7 shock serpents
  8 orc high priests
  5 naga sharpshooters (Snake:3)
  16 deep elf knights
  Nergalle (Orc:1)
  9 skeletal warriors
  The ghost of DizzySkin the Zephyrmancer, an experienced TeAE of Sif Muna (Lair:1)
  A small abomination (Elf:2)
  A wizard (D:13)
  An unseen horror (D:12)
  A harpy (Lair:8)
  4 shambling mangroves
  2 swamp dragons
  4 naga ritualists
  An ice statue (Lair:6)
  2 deep elf summoners
  3 necromancers (D:13)
  10 hill giants
  A wolf spider (D:15)
  10 deep elf conjurers
  5 orc knights
  10 salamanders
  5 griffons
  10 mana vipers
  An ugly thing (D:11)
  An orc sorcerer (Orc:1)
  2 hornets
  33 elephants
  Joseph (D:9)
  4 cyclopes
  A torpor snail (Lair:5)
  13 naga magi
  20 spiny frogs
  21 black mambas
  2 guardian serpents
  A kobold demonologist (D:12)
  7 fire drakes
  11 komodo dragons
  A freezing wraith (Lair:6)
  10 deep elf priests
  7 trolls
  6 polar bears
  A tengu conjurer (D:15)
  A troll (shapeshifter) (D:13)
  12 blink frogs
  A two-headed ogre (D:12)
  5 bog bodies
  3 boulder beetles
  A harpy skeleton (D:14)
  13 slime creatures
  A centaur simulacrum (D:14)
  A trapdoor spider (D:15)
  4 giant leeches
  3 shadows
  Sigmund (D:4)
  2 spriggans
  2 hogs (Swamp:1)
  18 humans (D:13)
  13 hippogriffs
  40 yaks
  14 deep elf magi
  The ghost of GrandHerb the Shield-Bearer, an average HOFi (D:3)
  Eustachio (D:4)
  17 vampire mosquitoes
  6 wyverns
  22 deep elf fighters
  Grum (D:10)
  6 hungry ghosts
  4 fire elementals (Orc:4)
  16 wolves
  4 basilisks
  12 swamp worms
  8 wargs
  A mottled dragon (D:12)
  12 insubstantial wisps
  4 hell hounds
  36 nagas
  5 porcupines
  2 sky beasts
  A soldier ant (D:10)
  5 swamp drakes
  19 water moccasins
  12 ice beasts
  5 black bears
  35 orc warriors
  4 phantoms
  12 wasps
  A necrophage (D:12)
  A sky beast (shapeshifter) (Elf:2)
  7 centaurs
  10 ogres
  Blork the orc (D:6)
  A big kobold (D:11)
  18 crocodiles
  26 giant frogs
  6 scorpions
  A water moccasin skeleton (D:8)
  9 killer bees
  4 wights (D:9)
  5 electric eels (Lair:4)
  11 crimson imps
  A centaur zombie (D:11)
  2 giant frog zombies
  7 hounds
  A quasit (D:8)
  3 giant frog skeletons
  2 centaur skeletons
  Crazy Yiuf (D:2)
  Ijyb (D:2)
  2 jellies
  54 orc priests
  35 orc wizards
  Jessica (D:2)
  9 iguanas
  4 hell rats (Lair:8)
  10 worker ants
  28 sheep
  2 killer bee zombies
  2 hound skeletons
  3 gnolls (D:5)
  2 worker ant zombies
  Robin (D:4)
  11 adders
  65 river rats
  10 shadow imps
  2 white imps (Lair:6)
  An ooze (D:7)
  An adder skeleton (D:7)
  An adder zombie (D:5)
  4 worms
  10 giant geckos
  197 orcs
  15 giant cockroaches
  12 hobgoblins
  4 jackals
  7 kobolds
  4 quokkas
  2 ball pythons (Sewer)
  4 bats
  8 giant newts
  20 goblins
  A quokka skeleton (D:8)
  4 rats
  7 fungi
  6 plants
1417 creatures vanquished.

Vanquished Creatures (collateral kills)
  Nikola (Snake:3)
  Agnes (Snake:4)
  A greater naga (Snake:4)
  2 black mambas
  A naga mage (Snake:4)
  3 nagas
9 creatures vanquished.

Vanquished Creatures (others)
  A deep elf knight (Elf:2)
  2 humans (Swamp:1)
  An orc (D:12)
  3 briar patches (Swamp:3)
  2 bushes (Lair:8)
  42 fungi
  22 plants
73 creatures vanquished.

Grand Total: 1499 creatures vanquished

Notes
Turn   | Place    | Note
--------------------------------------------------------------
     0 | D:1      | shakdrar the Minotaur Fighter began the quest for the Orb.
     0 | D:1      | Reached XP level 1. HP: 19/19 MP: 0/0
   278 | D:1      | Reached XP level 2. HP: 22/27 MP: 1/1
   780 | D:2      | Reached skill level 4 in Fighting
  1051 | D:2      | Noticed Jessica
  1059 | D:2      | Killed Jessica
  1059 | D:2      | Reached XP level 3. HP: 31/33 MP: 2/2
  1114 | D:2      | Noticed Ijyb
  1124 | D:2      | Killed Ijyb
  1124 | D:2      | Reached XP level 4. HP: 39/41 MP: 3/3
  1182 | D:2      | Noticed Crazy Yiuf
  1354 | D:2      | Killed Crazy Yiuf
  2101 | D:3      | Found a burning altar of Makhleb.
  2251 | D:3      | Reached XP level 5. HP: 41/47 MP: 4/4
  2314 | D:3      | Reached skill level 5 in Axes
  2471 | D:3      | Noticed GrandHerb's ghost (average HOFi)
  2494 | D:3      | Killed GrandHerb's ghost
  2494 | D:3      | Reached skill level 5 in Fighting
  2494 | D:3      | Reached XP level 6. HP: 17/56 MP: 5/5
  2611 | D:3      | Found a glowing drain.
  2626 | Sewer    | Entered a sewer
  2904 | Sewer    | Reached skill level 6 in Axes
  2904 | Sewer    | Reached skill level 5 in Armour
  3219 | D:3      | Found a basalt altar of Yredelemnul.
  3221 | D:3      | Found a shimmering altar of Xom.
  3222 | D:3      | Found a radiant altar of Vehumet.
  3222 | D:3      | Found a sacrificial altar of Ru.
  3598 | D:4      | Noticed Robin
  3619 | D:4      | Killed Robin
  3728 | D:4      | Noticed Eustachio
  3772 | D:4      | Killed Eustachio
  3772 | D:4      | Reached skill level 7 in Axes
  3772 | D:4      | Reached XP level 7. HP: 60/63 MP: 6/6
  3919 | D:4      | Noticed Sigmund
  3928 | D:4      | Killed Sigmund
  4190 | D:4      | Found Feilud's Antique Weapon Boutique.
  4328 | D:4      | You fall through a shaft for 3 floors!
  4329 | D:7      | Found an opulent altar of Gozag.
  4493 | D:7      | Found a shadowy altar of Dithmenos.
  4550 | D:7      | Found a flagged portal.
  4569 | D:5      | Entered Level 5 of the Dungeon
  4669 | D:5      | Reached skill level 8 in Axes
  4889 | D:5      | Reached XP level 8. HP: 46/71 MP: 7/7
  5506 | D:6      | Reached skill level 9 in Axes
  5548 | D:6      | Noticed Blork the orc
  5560 | D:6      | Killed Blork the orc
  5743 | D:6      | Reached skill level 10 in Axes
  6034 | D:6      | Reached XP level 9. HP: 63/78 MP: 8/8
  6182 | D:6      | Reached skill level 11 in Axes
  6284 | D:6      | Found a bloodstained altar of Trog.
  7113 | D:7      | Found a staircase to the Ecumenical Temple.
  7120 | Temple   | Entered the Ecumenical Temple
  7183 | Temple   | Became a worshipper of Ashenzari the Shackled
  7464 | D:7      | Found a roughly hewn altar of Beogh.
  7962 | D:8      | Reached skill level 12 in Axes
  8464 | D:9      | Reached skill level 10 in Armour
  8492 | D:9      | Found a glowing golden altar of the Shining One.
  8502 | D:9      | Acquired Ashenzari's first power
  8721 | D:9      | Reached skill level 13 in Axes
  8721 | D:9      | Reached XP level 10. HP: 72/84 MP: 9/9
  9191 | D:9      | Found a stormy altar of Qazlal.
  9197 | D:9      | Found an ancient bone altar of Kikubaaqudgha.
  9322 | D:9      | Found a bloodstained altar of Trog.
  9575 | D:9      | Noticed Joseph
  9588 | D:9      | Killed Joseph
  9606 | D:9      | Reached skill level 14 in Axes
  9741 | D:10     | Entered Level 10 of the Dungeon
  9784 | D:10     | Noticed Erolcha
  9815 | D:10     | Killed Erolcha
  9968 | D:10     | Noticed a hill giant
  9970 | D:10     | Noticed Grum
  9995 | D:10     | Killed a hill giant
 10034 | D:10     | Killed Grum
 10034 | D:10     | Reached skill level 15 in Axes
 10394 | D:10     | Reached XP level 11. HP: 91/91 MP: 10/10
 10541 | D:10     | Noticed a hill giant
 10549 | D:10     | Killed a hill giant
 10744 | D:10     | Noticed a hill giant
 10754 | D:10     | Killed a hill giant
 10922 | D:10     | Acquired Ashenzari's second power
 11201 | D:11     | Reached skill level 16 in Axes
 11399 | D:11     | Noticed a hill giant
 11407 | D:11     | Killed a hill giant
 11644 | D:11     | Found a staircase to the Lair.
 12171 | D:11     | Noticed a tengu warrior
 12200 | D:11     | Killed a tengu warrior
 12428 | D:11     | Reached skill level 17 in Axes
 12764 | D:12     | Noticed Fannar
 12794 | D:12     | Killed Fannar
 13082 | D:12     | Found a staircase to the Orcish Mines.
 13239 | D:12     | Noticed Maud
 13276 | D:12     | Killed Maud
 13276 | D:12     | Reached XP level 12. HP: 41/100 MP: 11/11
 13686 | D:12     | Reached skill level 5 in Shields
 13915 | D:12     | Killed an unseen horror
 14635 | Lair:1   | Entered Level 1 of the Lair of Beasts
 14637 | Lair:1   | Noticed DizzySkin's ghost (experienced TeAE)
 14868 | Temple   | Upgraded the game from 0.17-a0-1887-g3e50df6 to 0.17-a0-1900-g45e8110
 15090 | Lair:1   | Killed DizzySkin's ghost
 15090 | Lair:1   | Reached skill level 18 in Axes
 15230 | Lair:1   | Acquired Ashenzari's third power
 15442 | Lair:1   | Noticed Gastronok
 15465 | Lair:1   | Killed Gastronok
 15891 | Lair:1   | Identified a scroll of acquirement
 16049 | Lair:2   | Noticed a four-headed hydra
 16055 | Lair:2   | Killed a four-headed hydra
 16055 | Lair:2   | Reached skill level 10 in Fighting
 16058 | Lair:2   | Reached XP level 13. HP: 113/113 MP: 12/12
 17403 | Lair:3   | Acquired Ashenzari's fourth power
 18391 | Lair:4   | Reached skill level 10 in Shields
 18507 | Lair:4   | Found a staircase to the Swamp.
 20262 | Lair:5   | Gained mutation: You can spit weak poison. [potion of beneficial mutation]
 20446 | Lair:5   | Found a labyrinth entrance.
 20529 | Lair:5   | Reached XP level 14. HP: 113/124 MP: 13/13
 20670 | Lair:5   | Found a staircase to the Snake Pit.
 20728 | Lair:5   | Acquired Ashenzari's fifth power
 21449 | Lair:6   | Reached skill level 15 in Shields
 21560 | Lair:6   | Got the spear of Bajas {flame, *Corrode rPois Str+4 SInv}
 21652 | Lair:6   | Reached skill level 1 in Evocations
 21744 | Lair:6   | Found a staircase to the Slime Pits.
 22406 | Lair:7   | Noticed Snorg
 22418 | Lair:7   | Killed Snorg
 22706 | Lair:7   | Identified the +3 scale mail of Giem {rElec rC+ Str-3}
 23164 | Lair:8   | Entered Level 8 of the Lair of Beasts
 23184 | Lair:7   | Reached skill level 5 in Evocations
 25587 | Lair:8   | Reached skill level 15 in Armour
 25639 | Lair:8   | Reached XP level 15. HP: 74/129 MP: 18/18
 27592 | Orc:1    | Entered Level 1 of the Orcish Mines
 27743 | Orc:1    | Found Qifovi's Antique Armour Emporium.
 27896 | Orc:2    | Found Yqorphoun's Magic Scroll Boutique.
 27929 | Orc:2    | Bought a scroll of enchant weapon for 120 gold pieces
 27929 | Orc:2    | Bought a scroll of teleportation for 48 gold pieces
 27929 | Orc:2    | Bought a scroll of enchant weapon for 120 gold pieces
 27929 | Orc:2    | Bought a scroll of enchant armour for 120 gold pieces
 27929 | Orc:2    | Bought a scroll of enchant armour for 120 gold pieces
 27929 | Orc:2    | Bought a scroll of identify for 32 gold pieces
 28302 | Orc:1    | Found Jywuf's Food Shoppe.
 28452 | Orc:1    | Noticed Nergalle
 28475 | Orc:1    | Killed Nergalle
 29335 | Orc:4    | Entered Level 4 of the Orcish Mines
 29344 | Orc:4    | Found a staircase to the Elven Halls.
 29635 | Orc:4    | Noticed Azrael
 29652 | Orc:4    | Killed Azrael
 30277 | Orc:4    | Found Ijukkics's Weapon Boutique.
 30278 | Orc:4    | Found Nekovihe's Antique Armour Emporium.
 30303 | Orc:4    | Gained mutation: You heal slowly when monsters are visible. [a neqoxec]
 30313 | Orc:4    | Gained mutation: You occasionally shout uncontrollably at your foes. [a neqoxec]
 30331 | Orc:4    | Gained mutation: You are dopey. (Int -2) [a neqoxec]
 30427 | Orc:4    | Noticed Goblin1989's ghost (powerful VSMo)
 30697 | Orc:4    | Killed Goblin1989's ghost
 31035 | Orc:4    | Bought a spiked cloak for 180 gold pieces
 31035 | Orc:4    | Identified the +1 cloak of the Slug {rN+ Dex+5} (You bought it in a shop on level 4 of the Orcish Mines)
 31399 | Orc:4    | Found Jijur's Jewellery Boutique.
 31399 | Orc:4    | Found Gaafauf's General Store.
 31415 | Orc:4    | Bought an uncursed ring of positive energy for 300 gold pieces
 31415 | Orc:4    | Bought an uncursed ring of protection from magic for 375 gold pieces
 31580 | Orc:4    | Found a roughly hewn altar of Beogh.
 31810 | D:11     | Reached skill level 19 in Axes
 32332 | Swamp:1  | Entered Level 1 of the Swamp
 32420 | Swamp:1  | Noticed Kirke
 32654 | Swamp:1  | Killed Kirke
 33968 | Swamp:2  | Reached XP level 16. HP: 139/139 MP: 20/20
 34397 | Swamp:2  | Identified the +3 chain mail "Jepir" {rF- MR++ Str+6}
 34780 | Swamp:3  | Noticed Aizul
 34802 | Swamp:3  | Killed Aizul
 35408 | Swamp:3  | HP: 5/139 [thorn hunter/volley of thorns (30)]
 37870 | D:13     | Reached skill level 20 in Axes
 37957 | D:13     | Found Toceba's Distillery.
 38015 | D:13     | Bought a potion of heal wounds for 95 gold pieces
 38321 | D:13     | Found a sacrificial altar of Ru.
 38676 | D:13     | Found a burning altar of Makhleb.
 39230 | D:13     | Found a gate to the Vaults.
 39506 | D:14     | Found a snail-covered altar of Cheibriados.
 39743 | D:15     | Entered Level 15 of the Dungeon
 39943 | D:15     | Reached skill level 1 in Maces & Flails
 40098 | D:15     | Found a glowing golden altar of the Shining One.
 40644 | D:15     | Reached XP level 17. HP: 126/149 MP: 22/22
 40650 | D:15     | Found a staircase to the Depths.
 40846 | Elf:1    | Entered Level 1 of the Elven Halls
 41229 | Elf:1    | Found Kaxijes's Antique Weapon Boutique.
 41234 | Elf:1    | Bought an iridescent blowgun for 157 gold pieces
 41234 | Elf:1    | Bought a smoking mace for 168 gold pieces
 41721 | Elf:2    | Found Purroiwe's Distillery.
 41898 | Elf:2    | Bought a potion of curing for 48 gold pieces
 41898 | Elf:2    | Bought a potion of heal wounds for 80 gold pieces
 41898 | Elf:2    | Bought a potion of heal wounds for 80 gold pieces
 42281 | Elf:2    | Reached skill level 5 in Maces & Flails
 42539 | Elf:2    | Found a large runed door.
 42539 | Elf:2    | Found a large runed door.
 42549 | Elf:2    | Found a large runed door.
 42549 | Elf:2    | Found a large runed door.
 43225 | Elf:2    | Noticed Asterion
 43284 | Elf:2    | Killed Asterion
 44337 | Elf:3    | Entered Level 3 of the Elven Halls
 45684 | Snake:1  | Entered Level 1 of the Snake Pit
 47153 | Snake:2  | Reached XP level 18. HP: 151/161 MP: 24/24
 47306 | Snake:2  | Found a blossoming altar of Fedhas.
 47713 | Snake:3  | Noticed Nikola
 47733 | Snake:3  | Killed Nikola
 48192 | Snake:3  | Found a runed door.
 49722 | Snake:4  | Entered Level 4 of the Snake Pit
 49876 | Snake:4  | Noticed Agnes
 49881 | Snake:4  | Killed Agnes
 50149 | Snake:4  | HP: 10/241 [shock serpent/electric aura (6)]
 50159 | Snake:4  | HP: 3/161 [naga sharpshooter/arrow (7)]
 50159 | Snake:4  | Shot with an arrow by a naga sharpshooter

Vault maps used:
D:1:      scummos_arrival_forest, serial_forest, infiniplex_forest_lined_1,
          infiniplex_forest_corner_2, infiniplex_forest_lined_ring,
          infiniplex_forest_zigzag_1, infiniplex_forest_clump_large,
          infiniplex_forest_clump_medium, infiniplex_forest_lined_1
D:2:      uniq_iyjb, uniq_jessica, uniq_crazy_yiuf_cottage
D:3:      minitemple, gup_sewer_entry_pipe, first_bread
D:4:      serial_shops, kennysheep_little_box, uniq_robin, uniq_sigmund,
          uniq_eustachio
D:6:      overflow_temple_1_default, uniq_blork_the_orc
D:7:      lemuel_doored_altar, nicolae_overflow_hidden_temple,
          minmay_temple_entry_trees, enter_bailey_3, david_defended_altar_orc
D:9:      kennysheep_mini, grunt_temple_overflow_open, nrook_uturn, the_bakery,
          trog_book, uniq_joseph
D:10:     uniq_grum, uniq_erolcha
D:11:     david_lair_generic, nicolae_zen_rock_garden
D:12:     david_orc_1_choice, uniq_maud, uniq_fannar
D:13:     grunt_vaults_entry_tiered, serial_shops, shop,
          hangedman_feature_mirror, david_greed
D:14:     lemuel_coloured_pillars_altar
D:15:     hangedman_depths_entry_try_elsewhere_first, grunt_decor_mini_mirrors,
          tso_metal_star
Temple:   minmay_temple_bridge_d_8
Lair:1:   uniq_gastronok
Lair:3:   lemuel_fruit_tree, grunt_megastairs_2
Lair:4:   mu_elephants_graveyard, minmay_swamp_entry_eels, grunt_megastairs_4
Lair:5:   boulder_dual_corridor_run, dummy_snake_entry, lab_entry_generic,
          infiniplex_staircase_pool_2
Lair:6:   slime_dummy, ice2_lemuel
Lair:7:   uniq_snorg
Lair:8:   grunt_lair_end_beastmaster, special_room, grunt_forest_large_clearings
Swamp:1:  nicolae_swamp_very_dense_foliage, uniq_kirke
Swamp:2:  evilmike_swamp_ruin_rubble_1, swamp_pool1
Swamp:3:  nicolae_swamp_phyte_club, nicolae_swamp_orc_logging_accident,
          swamp_pool2, infiniplex_staircase_pool, uniq_aizul
Snake:2:  basic_altar, grunt_megastairs_5
Snake:3:  lightli_airlock, uniq_nikola
Snake:4:  minmay_snake_end_coiled, uniq_vashnia, uniq_donald, uniq_agnes
Orc:1:    serial_shops, shop, shop, uniq_nergalle
Orc:2:    serial_shops, shop
Orc:3:    special_room, nicolae_orc_pool_cavern, amalloy_card_club
Orc:4:    st_orc_town, uniq_azrael
Elf:1:    minmay_elf_arrival_circle, serial_shops, nicolae_shop_stone
Elf:2:    serial_shops, shop, uniq_asterion
Elf:3:    nooodl_elf_gasket
Sewer:    sewer_frog_island_01

Action                   |  1- 3 |  4- 6 |  7- 9 | 10-12 | 13-15 | 16-18 || total
-------------------------+-------+-------+-------+-------+-------+-------++-------
Melee: War axe           |    14 |       |       |    23 |       |       ||    37
       Whip              |    40 |   205 |   396 |   139 |       |       ||   780
       Mace              |       |    19 |       |       |       |       ||    19
       Unarmed           |       |    18 |       |       |       |       ||    18
       Morningstar       |       |       |     5 |   579 |  2076 |  1711 ||  4371
       Battleaxe         |       |       |       |       |       |    17 ||    17
 Abil: Evoke Flight      |       |       |       |       |       |     1 ||     1
Evoke: Wand              |       |       |       |     2 |     8 |    12 ||    22
  Use: Scroll            |       |     7 |    17 |     7 |    22 |    21 ||    74
       Potion            |       |       |       |     2 |     6 |    15 ||    23
 Stab: Petrified         |       |       |       |       |     1 |       ||     1
       Distracted        |       |       |       |       |       |     1 ||     1
  Eat: Chunk             |     1 |     8 |    14 |    25 |    33 |    18 ||    99
       Pizza             |       |       |     2 |     1 |     1 |     1 ||     5
       Beef jerky        |       |       |     1 |       |     2 |       ||     3
       Meat ration       |       |       |       |     2 |     5 |     5 ||    12
       Bread ration      |       |       |       |       |     1 |     2 ||     3
       Fruit             |       |       |       |       |     1 |       ||     1
